 Dungeon Crawl Stone Soup version 0.26-a0-690-gcb57259078 (webtiles) character file.

Game seed: 9403745702848111447

36 karrick the Cudgeler (level 3, -8/22 HPs)
             Began as a Gargoyle Gladiator on Oct 25, 2020.
             Mangled by a gnoll
             ... wielding a +0 flail
              (14 damage)
             ... on level 1 of the Dungeon.
             The game lasted 00:01:02 (705 turns).

karrick the Cudgeler (Gargoyle Gladiator)            Turns: 705, Time: 00:01:03

Health: -8/22      AC:  7    Str: 17    XL:     3   Next: 37%
Magic:  3/3        EV: 11    Int:  9    God:
Gold:   49         SH:  3    Dex: 11    Spells: 2/2 levels left

rFire    . . .     SeeInvis .   a - +0 flail
rCold    . . .     Faith    .   f - +0 buckler
rNeg     + . .     Spirit   .   b - +0 leather armour
rPois    ∞         Reflect  .   c - +0 helmet
rElec    +         Harm     .   (no cloak)
rCorr    .         Rampage  .   (no gloves)
MR       .....                  (no boots)
Stlth    +.........             (no amulet)
HPRegen  0.07/turn              (no ring)
MPRegen  0.08/turn              (no ring)

@: no status effects
A: negative energy resistance 1, electricity resistance, unbreathing,
petrification resistance, rot immunity, AC +3
a: no special abilities


You were on level 1 of the Dungeon.
You visited 1 branch of the dungeon, and saw 1 of its levels.

You collected 49 gold pieces.

Inventory:

Hand Weapons
 a - a +0 flail (weapon)
Missiles
 d - 3 throwing nets (quivered)
Armour
 b - a +0 leather armour (worn)
 c - a +0 helmet (worn)
 f - a +0 buckler (worn)
Scrolls
 e - a scroll of identify {unknown}
 h - a scroll of remove curse {unknown}
Potions
 g - a potion of lignification {unknown}


   Skills:
 + Level 2.6 Fighting
 + Level 3.5 Maces & Flails
 - Level 1.7 Throwing
 + Level 0.1 Armour
 + Level 3.0 Dodging


You had 2 spell levels left.
You didn't know any spells.
Your spell library was empty.

Dungeon Overview and Level Annotations

Branches:
Dungeon (1/15)

Altars:


Innate Abilities, Weirdness & Mutations

You are resistant to torment.
Your stone body is resilient. (AC +3)
You are immune to poison.
You resist negative energy. (rN+)
You are resistant to electric shocks. (rElec)
You can survive without breathing.
You are immune to petrification.
You are immune to rotting.


Message History

The gnoll is heavily wounded.
The gnoll hits you with a +0 flail!
* * * LOW HITPOINT WARNING * * *
You barely miss the gnoll.
The gnoll is heavily wounded.
You block the gnoll's attack.
You hit the gnoll.
The gnoll is severely wounded.
You block the gnoll's attack.
You barely miss the gnoll.
The gnoll is severely wounded.
The gnoll misses you.
You hit the gnoll.
The gnoll is almost dead.
The gnoll hits you but does no damage. You block the gnoll's attack.
Your shield prevents you from hitting the gnoll.
The gnoll is almost dead.
The gnoll hits you with a +0 flail!
Ouch! That really hurt!
You die...

#.# .# #.# #.#.#
#.# #.#.# #.# #.#.#
#.# #.#.#
#.##########.#.####
#...............!..
###########....####
#....)...g@.#
#.#.#....##.......
#.#....# #####..
#........
#.....#### #..##.#
.... ..# .... ###
#.#


You could see a gnoll.

Vanquished Creatures
  An ooze (D:1)
  3 dart slugs (D:1)
  2 goblins (D:1)
  3 hobgoblins (D:1)
  7 jackals (D:1)
  2 kobolds (D:1)
  A bat (D:1)
  A frilled lizard (D:1)
  4 rats (D:1)
24 creatures vanquished.

Notes
Turn   | Place    | Note
-------+----------+-------------------------------------------
     0 | D:1      | karrick the Gargoyle Gladiator began the quest for the Orb.
     0 | D:1      | Reached XP level 1. HP: 12/12 MP: 1/1
    62 | D:1      | Reached XP level 2. HP: 12/17 MP: 2/2
   435 | D:1      | Reached XP level 3. HP: 20/22 MP: 3/3
   705 | D:1      | Mangled by a gnoll

Illustrated notes

Levels and vault maps discovered:
D:1:      lemuel_arrival_river_ford, layout_loops_ring

Skill      XL: |  1  2  3 |
---------------+----------+-----
Dodging        | 3 |  3.0
Fighting       | |  2.6
Maces & Flails | |  3.5
Throwing       | |  1.7
Armour         | |  0.1

Action                   || total
-------------------------++-------
Melee: Flail             ||    86
Armor: Leather armour    ||    35
Dodge: Dodged            ||    56
Block: Buckler           ||    21

Table legend: (Time is in decaauts)
 A = Elapsed time spent in this place.
 B = Non-inter-level travel time spent in this place.
 C = Inter-level travel time spent in this place.
 D = Time resting spent in this place.
 E = Time spent auto-exploring this place.
 F = Levels seen in this place.
 G = Mean time per level.
                   A        B        C        D        E       F      G
               +--------+--------+--------+--------+--------+-----+--------+
         Total |    727 |    727 |      0 |      0 |    543 |   1 |  727.0 |
       Dungeon |    727 |    727 |      0 |      0 |    543 |   1 |  727.0 |
               +--------+--------+--------+--------+--------+-----+--------+

Top non-repeatable levels by time:
     D:1: 727 daAuts
